 Dungeon Crawl Stone Soup version 0.31-a0-210-gccc998d (webtiles) character file.

Game seed: 2477961987996787796

37 Dawnplanks the Gusty (level 3, 0/19 HPs)
             Began as a Tengu Air Elementalist on June 30, 2023.
             Slain by a cerulean imp
             ... wielding a +0 spear
             ... summoned by Natasha
              (2 damage)
             ... on level 2 of the Dungeon.
             The game lasted 00:01:54 (1351 turns).

Dawnplanks the Gusty (Tengu Air Elementalist)       Turns: 1351, Time: 00:01:55

Health: 0/19       AC:  2    Str:  8    XL:     3   Next: 39%
Magic:  1/8        EV: 12    Int: 17    God:
Gold:   82         SH:  0    Dex: 14    Spells: 4/7 levels left

rFire   . . .        (no weapon)
rCold   . . .        (no shield)
rNeg    . . .        a - +0 robe
rPois   .            (helmet restricted)
rElec   .            (no cloak)
rCorr   .            (no gloves)
SInv    .            (boots unavailable)
Will    .....        (no amulet)
Stlth   ++           (no ring)
HPRegen 0.23/turn    (no ring)
MPRegen 0.11/turn

%: no passive effects
@: no status effects
A: beak, talons 3
a: no special abilities


You were on level 2 of the Dungeon.
You visited 1 branch of the dungeon, and saw 2 of its levels.

You collected 82 gold pieces.

Inventory:

Armour
 a - a +0 robe (worn)
Scrolls
 c - a scroll of poison {unknown}
 e - a scroll of silence {unknown}
 f - a scroll of vulnerability {unknown}
Potions
 b - a potion of magic
 d - 2 potions of might


   Skills:
 + Level 2.2 Dodging
 + Level 2.0 Stealth
 + Level 2.7 Spellcasting
 + Level 2.2 Conjurations
 + Level 4.6 Air Magic


You had 4 spell levels left.
You knew the following spells:

 Your Spells              Type           Power      Damage    Failure   Level
a - Shock                 Conj/Air       52%        1d6       4%          1
b - Static Discharge      Conj/Air       26%        2-4/arc   7%          2

Your spell library contained the following spells:

 Spells                   Type           Power      Damage    Failure   Level
 Swiftness                Air            18%        N/A       9%          3
 Airstrike                Air            9%         2d(2-18)  26%         4
 Leda's Liquefaction      Hex/Erth       1%         N/A       87%         4
 Lee's Rapid Deconstruct  Erth           1%         3d4*      99%         5
 Leda's Unmaking          Conj/Erth      3%         9d1       100%        6
 Statue Form              Tmut/Erth      1%         N/A       100%        6


Dungeon Overview and Level Annotations

Branches:
Dungeon (2/15)

Altars:

Annotations:
D:2 Natasha


Innate Abilities, Weirdness & Mutations

You have a beak for a mouth.
You have claws for feet.


Message History

The cerulean imp is lightly wounded.
The cerulean imp barely misses you.
Casting: Shock (safe; 4% risk of failure)
Confirm with . or Enter, or press ? or * to list all spells.
The adder is struck by an arc of lightning.
The adder is moderately wounded.
You are struck by an arc of lightning.
The lightning grounds out.
The cerulean imp is struck by an arc of lightning.
The cerulean imp completely resists.
The adder is struck by an arc of lightning.
The adder is severely wounded.
The cerulean imp is struck by an arc of lightning.
The cerulean imp completely resists.
Natasha is struck by an arc of lightning.
Natasha is moderately wounded.
The lightning grounds out.
The adder barely misses you.
Natasha drinks a potion.
Natasha seems to grow stronger.
The cerulean imp misses you.
Casting: Static Discharge (safe; 7% risk of failure)
Confirm with . or Enter, or press ? or * to list all spells.
The adder is struck by an arc of lightning.
You kill the adder!
The cerulean imp is struck by an arc of lightning.
The cerulean imp resists.
The cerulean imp is moderately wounded.
The lightning grounds out.
The cerulean imp is struck by an arc of lightning.
The cerulean imp resists.
The cerulean imp is moderately wounded.
You are struck by an arc of lightning.
The lightning grounds out.
The cerulean imp hits you but does no damage.
Casting: Static Discharge (safe; 7% risk of failure)
Confirm with . or Enter, or press ? or * to list all spells.
You don't have enough magic to cast this spell.
The cerulean imp hits you with a +0 spear.
Natasha attacks as you move away! Natasha claws you!
Ouch! That really hurt!
* * * LOW HITPOINT WARNING * * *
The cerulean imp hits you from afar with a +0 spear.
You die...

.. ...#########
#.....?.....##
.........<...##
..............#
..............#
.....!........#
........h@....#
.......5.....>#
#.....†<.....##
##..........##
############


You could see Natasha (strong) and a cerulean imp (summoned).

Vanquished Creatures
  An adder (D:2)
  A bat (D:1)
  3 endoplasms (D:1)
  A giant cockroach (D:1)
  6 goblins (D:1)
  3 hobgoblins (D:1)
  2 kobolds (D:1)
  2 quokkas (D:1)
  2 ball pythons (D:1)
  2 rats (D:1)
23 creatures vanquished.

Notes
Turn   | Place    | Note
-------+----------+-------------------------------------------
     0 | D:1      | Dawnplanks the Tengu Air Elementalist began the quest for
                  | the Orb.
     0 | D:1      | Reached XP level 1. HP: 10/10 MP: 4/4
   232 | D:1      | Reached XP level 2. HP: 15/15 MP: 1/6
   436 | D:1      | Learned a level 2 spell: Static Discharge
   784 | D:1      | Reached XP level 3. HP: 19/19 MP: 2/7
  1345 | D:2      | Noticed Natasha
  1351 | D:2      | Slain by a cerulean imp

Illustrated notes

Levels and vault maps discovered:
D:1:      moated_graveyard_arrival, layout_basic
D:2:      layout_rooms, hellmonk_ecumenical_altar_watching_god,
          uniq_crazy_yiuf_cottage, uniq_natasha

Skill      XL: |  1  2 |
---------------+-------+-----
Conjurations   | 2 |  2.2
Dodging        | |  2.2
Stealth        | |  2.0
Spellcasting   | |  2.7
Air Magic      | |  4.6

Action                     || total
---------------------------++-------
  Melee: Unarmed           ||     1
         Kick              ||     1
   Cast: Shock             ||    44
         Static Discharge  ||     3
 Armour: Robe              ||     1
  Dodge: Dodged            ||     6

Table legend: (Time is in decaauts)
 A = Elapsed time spent in this place.
 B = Non-inter-level travel time spent in this place.
 C = Inter-level travel time spent in this place.
 D = Time resting spent in this place.
 E = Time spent auto-exploring this place.
 F = Levels seen in this place.
 G = Mean time per level.
                   A        B        C        D        E       F      G
               +--------+--------+--------+--------+--------+-----+--------+
         Total |   1350 |   1341 |      9 |      0 |   1251 |   2 |  675.0 |
       Dungeon |   1350 |   1341 |      9 |      0 |   1251 |   2 |  675.0 |
               +--------+--------+--------+--------+--------+-----+--------+

Top non-repeatable levels by time:
     D:1: 1345 daAuts
     D:2: 5 daAuts
